 Dungeon Crawl Stone Soup version 0.23.2 (webtiles) character file.

Game seed: 5263373859766029989

212 VAD3MB3R the Skirmisher (level 5, -12/46 HPs)
             Began as a Draconian Fighter on Apr 12, 2019.
             Was a Follower of Trog.
             Mangled by an ogre
             ... wielding a +0 giant spiked club
              (23 damage)
             ... on level 5 of the Dungeon.
             The game lasted 00:50:49 (4457 turns).

VAD3MB3R the Skirmisher (Draconian Fighter)         Turns: 4457, Time: 00:50:50

Health: -12/46     AC:  6    Str: 19    XL:     5   Next: 58%
Magic:  5/5        EV: 11    Int:  9    God:    Trog [*.....]
Gold:   271        SH:  9    Dex: 10    Spells: 4/4 levels left

rFire    . . .     SeeInvis .   a - +1 long sword
rCold    . . .     Gourm    .   b - +0 shield
rNeg     . . .     Faith    .   (armour unavailable)
rPois    .         Spirit   .   (helmet restricted)
rElec    .         Reflect  .   x - +0 cloak
rCorr    .         Harm     .   (no gloves)
MR       .....                  (no boots)
Stlth    +.........             (no amulet)
HPRegen  0.15/turn              (no ring)
MPRegen  0.09/turn              (no ring)

@: no status effects
A: unfitting armour, cold-blooded, AC +5
a: Berserk, Renounce Religion


You were on level 5 of the Dungeon.
You worshipped Trog.
Trog was aware of your devotion.
You were hungry.

You visited 1 branch of the dungeon, and saw 5 of its levels.

You collected 271 gold pieces.

Inventory:

Hand Weapons
 a - a +1 long sword (weapon)
 e - a +0 hunting sling
 f - a +0 spear
 k - a +0 dagger
 m - a +0 club
 n - a +0 club
 o - a +0 hand axe
 p - a +0 club
 r - a +0 club
 v - a +0 spear
 w - a +0 short sword
 y - a +0 club
 D - a +0 club
 E - a +0 club
 F - a +0 dagger
 G - a +0 hunting sling
 I - a +0 hunting sling
 P - a +0 spear
 S - a +0 hand axe
 X - a +0 spear
Missiles
 j - 66 stones (quivered)
 q - 35 poisoned needles
 V - 52 arrows
 W - 49 bolts
Armour
 b - a +0 shield (worn)
 g - a +0 ring mail
 x - a +0 cloak (worn)
 z - a +0 scale mail
 C - a +0 leather armour
 H - a +1 scale mail of cold resistance
 K - a +0 robe
 N - a +3 scale mail
 O - a +0 leather armour
 R - a +0 plate armour
 U - a +0 leather armour
 Z - the +3 ring mail of the Doge {rElec rN+ MR-, unknown}
   (You found it on level 5 of the Dungeon)

   It insulates you from electricity.
   It protects you from negative energy.
   It affects your resistance to hostile enchantments.
Wands
 J - a wand of polymorph (9)
Scrolls
 h - a scroll of fear
 s - a scroll of remove curse
 A - 2 scrolls of identify
 L - a scroll of enchant armour {unknown}
 Q - a scroll of teleportation {unknown}
 Y - a scroll of enchant weapon
Potions
 c - a potion of might
 i - 2 potions of haste
 l - a potion of berserk rage
 t - a potion of curing {unknown}
 u - a potion of brilliance {unknown}
 B - a potion of magic {unknown}
 M - a potion of mutation {unknown}
 T - a potion of lignification {unknown}
Comestibles
 d - 5 rations


   Skills:
 + Level 3.9 Fighting
 + Level 3.7 Long Blades
 + Level 3.7 Dodging
 + Level 1.0 Stealth
 + Level 3.9 Shields


You had 4 spell levels left.
You didn't know any spells.
Your spell library was empty.

Dungeon Overview and Level Annotations

Branches:
Dungeon (5/15)
 Temple: D:4-7

Altars:
Fedhas
Trog
Xom


Innate Abilities, Weirdness & Mutations

Your plain brown scales are hard. (AC +5)
You cannot fit into any form of body armour.
You are cold-blooded and may be slowed by cold attacks.


Message History

You block the ogre's attack.
You hit the ogre but do no damage.
The ogre is moderately wounded.
The ogre hits you with a +0 giant spiked club!
You completely miss the ogre.
The ogre is moderately wounded.
The ogre barely misses you.
Your shield prevents you from hitting the ogre.
The ogre is moderately wounded.
The ogre hits you with a +0 giant spiked club!!
* * * LOW HITPOINT WARNING * * *
You slash the ogre!
The ogre is heavily wounded.
The ogre hits you with a +0 giant spiked club.
* * * LOW HITPOINT WARNING * * *
You slash the ogre!
Your tail-slap misses the ogre.
The ogre is almost dead.
The ogre hits you with a +0 giant spiked club!!
Ouch! That really hurt!
You die...

#...# #. .# #.<.#### #. .#
####...##.##
##.##.##..........#..
...... .........###.
#....##..........#..
#.....######...##.##
#.O...# #...#### #..@..#
#.#.# #########...## #...#
#.......##.## #...
#.......##.#### #.# #
#.......# #.# #
...........##.######.# #
..#####..##.#........######
#..# #...............
....##.#..############


You could see an ogre.

Vanquished Creatures
  2 crimson imps (D:5)
  A worker ant (D:4)
  A gnoll (D:1)
  6 adders
  An ooze (D:1)
  4 dart slugs
  A leopard gecko (D:1)
  8 bats
  A giant cockroach (D:2)
  7 goblins
  7 hobgoblins
  A ball python (D:1)
  4 frilled lizards
  A kobold (D:1)
  7 rats
52 creatures vanquished.

Notes
Turn   | Place    | Note
-------+----------+-------------------------------------------
     0 | D:1      | VAD3MB3R the Draconian Fighter began the quest for the Orb.
     0 | D:1      | Reached XP level 1. HP: 19/19 MP: 1/1
   209 | D:1      | Reached XP level 2. HP: 26/26 MP: 2/2
   679 | D:1      | Reached XP level 3. HP: 7/31 MP: 3/3
  1591 | D:2      | Found a faded altar of an unknown god.
  1622 | D:2      | Became a worshipper of Trog the Wrathful
  1622 | D:2      | Reached * piety under Trog
  1721 | D:2      | Reached XP level 4. HP: 32/40 MP: 4/4
  1824 | D:2      | Found a shimmering altar of Xom.
  1882 | D:2      | Found a blossoming altar of Fedhas.
  3745 | D:3      | Paralysed by fainting for 12 turns
  3763 | D:3      | Paralysed by fainting for 7 turns
  3785 | D:2      | Paralysed by fainting for 6 turns
  3830 | D:3      | Paralysed by fainting for 5 turns
  3861 | D:3      | Paralysed by fainting for 10 turns
  4182 | D:4      | Reached XP level 5. HP: 32/46 MP: 5/5
  4197 | D:5      | Entered Level 5 of the Dungeon
  4283 | D:5      | Reached skill level 1 in Stealth
  4356 | D:5      | Got a faintly humming ring mail
  4447 | D:5      | Noticed an ogre
  4457 | D:5      | Mangled by an ogre

Skill      XL: |  1  2  3  4  5 |
---------------+----------------+-----
Dodging        | 3 |  3.7
Long Blades    | 3 |  3.7
Stealth        | 1 |  1.0
Fighting       | |  3.9
Shields        | |  3.9

Action                   |  1- 3 |  4- 6 || total
-------------------------+-------+-------++-------
Melee: Long sword        |    82 |   131 ||   213
       Tailslap          |    14 |    11 ||    25
  Use: Scroll            |       |     7 ||     7
 Stab: Sleeping          |     1 |     1 ||     2
  Eat: Chunk             |     3 |     1 ||     4
       Ration            |       |     2 ||     2
Armor: Skin              |    32 |    36 ||    68
Dodge: Dodged            |    56 |    57 ||   113
Block: Shield            |    43 |    71 ||   114
       Rpst.: Long sword |    23 |    16 ||    39
